 Dungeon Crawl Stone Soup version 0.20-a0-77-g476458c (webtiles) character file.

6433 KristoblXynda the Cleaver (level 10, 0/73 HPs)
             Began as a Grey Draconian Skald on Nov 19, 2016.
             Was an Elder of Cheibriados.
             Slain by a freezing wraith (1 damage)
             ... in an ice cave.
             The game lasted 00:18:31 (11376 turns).

KristoblXynda the Cleaver (Grey Draconian Skald)   Turns: 11376, Time: 00:18:31

Health: 0/73       AC: 15    Str: 23    XL:     10   Next: 67%
Magic:  10/13      EV: 17    Int: 26    God:    Cheibriados [****..]
Gold:   372        SH:  6    Dex: 19    Spells: 3 memorised, 4 levels left

rFire  . . .     SeeInvis .     s - +3 war axe
rCold  + . .     Gourm    .     (armour unavailable)
rNeg   . . .     Faith    .     i - +0 buckler
rPois  .         Spirit   .     e - +0 hat
rElec  .         Reflect  .     t - +1 cloak
rCorr  .         Harm     .     C - +0 pair of gloves
MR     .....                    (no boots)
Stlth  ++........               (no amulet)
                                A - ring of wizardry
                                j - ring of protection from cold

@: slowed, very slow
A: walk through water, unfitting armour, unbreathing, cold-blooded, AC +12
a: Bend Time, Temporal Distortion, Slouch, Renounce Religion


You were in an ice cave.
You worshipped Cheibriados.
Cheibriados was greatly pleased with you.
You were not hungry.

You visited 3 branches of the dungeon, and saw 11 of its levels.
You also visited: Ice Cave.

You collected 372 gold pieces.

Inventory:

Hand Weapons
 s - a +3 war axe (weapon)
 w - a +0 war axe of electrocution
 B - the +8 great mace "Noteivvu" {drain, MR+ Str+5, unknown}
   (You found it on level 9 of the Dungeon)

   A truly terrible weapon, it drains the life of those it strikes.
   It affects your strength (+5).
   It affects your resistance to hostile enchantments.
Armour
 e - a +0 hat (worn)
 i - a +0 buckler (worn)
 t - a +1 cloak (worn)
 C - a +0 pair of gloves (worn)
Jewellery
 h - a +3 ring of intelligence
 j - a ring of protection from cold (left hand)
 u - an uncursed ring of protection from fire {unknown}
 y - a +3 ring of strength
 A - a ring of wizardry (right hand)
Wands
 o - a wand of iceblast (0/15)
Scrolls
 d - 2 scrolls of enchant weapon
 f - 2 scrolls of remove curse
 g - 3 scrolls of identify
 k - a scroll of amnesia
 m - 2 scrolls of fear
 n - 3 scrolls of fog
 x - 2 scrolls of recharging
Potions
 l - 2 potions of flight
 p - 2 potions of brilliance
 v - a potion of might
 z - a potion of ambrosia {unknown}
Books
 b - a book of Battle

   Spells                             Type                      Level
   a - Infusion                       Charms                       1
   b - Shroud of Golubria             Charms/Translocation         2
   c - Song of Slaying                Charms                       2
   d - Spectral Weapon                Hexes/Charms                 3
   e - Regeneration                   Charms/Necromancy            3
 r - a book of Maledictions

   Spells                             Type                      Level
   a - Corona                         Hexes                        1
   b - Ensorcelled Hibernation        Hexes/Ice                    2
   c - Confuse                        Hexes                        3
   d - Tukima's Dance                 Hexes                        3
   e - Dazzling Spray                 Conjuration/Hexes            3
Comestibles
 a - 2 meat rations
 c - 4 bread rations
 E - 3 fruits


   Skills:
 - Level 2.1 Fighting
 + Level 9.5 Axes
 - Level 3.3 Throwing
 - Level 6.6 Dodging
 - Level 4.4 Shields
 - Level 2.0 Spellcasting
 + Level 5.6 Hexes
 - Level 4.0 Charms
 - Level 5.0 Necromancy
 + Level 3.6 Invocations


You had 4 spell levels left.
You knew the following spells:

 Your Spells              Type           Power        Failure   Level  Hunger
a - Confuse               Hex            ####....     1%          3    ###....
b - Regeneration          Chrm/Necr      ####......   2%          3    ###....
c - Spectral Weapon       Hex/Chrm       ####....     2%          3    ###....


Dungeon Overview and Level Annotations

Branches:
Dungeon (9/15)             Temple (1/1) D:6            Lair (1/6) D:9
    Orc: D:9-12

Altars:
Ashenzari
Cheibriados
Elyvilon
Fedhas
Gozag
Hepliaklqana
Kikubaaqudgha
Nemelex Xobeh
Okawaru
Qazlal
Ru
Sif Muna
Uskayaw
Vehumet
Yredelemnul
Zin
The Shining One

Shops:
D:4 (


Innate Abilities, Weirdness & Mutations

You can walk through water.
Your dull iron-grey scales are very hard. (AC +12)
You cannot fit into any form of body armour.
You can survive without breathing.
You are cold-blooded and may be slowed by cold attacks.


Message History

You hit the freezing wraith but do no damage.
Your spectral weapon hits the ice beast.
Your spectral weapon hits the freezing wraith.
The ice beast hits you but does no damage.
The freezing wraith hits you. The freezing wraith freezes you! You resist.
The freezing wraith hits you!
* * * LOW HITPOINT WARNING * * *
The freezing wraith drains your vigour!
You feel yourself slow down.
You hit the ice beast but do no damage.
The ice beast is severely wounded.
You barely miss the freezing wraith.
Your spectral weapon hits the ice beast.
Your spectral weapon hits the freezing wraith!
The ice beast hits you but does no damage.
The freezing wraith hits you.
* * * LOW HITPOINT WARNING * * *
The freezing wraith freezes you! You resist.
* * * LOW HITPOINT WARNING * * *
The freezing wraith hits you.
You die...

#.. #..# ...# ####
....## ##..## ####
.....# ##....#####..##
#.....#
#.......##....##.......
#.∩.∩.......#.(W.......
#..........###Y@.......
##....##..## ###......#
##..###### #.....# ####
.....# ....## ..## ###


You could see a freezing wraith, an ice beast and a friendly spectral war axe.

Vanquished Creatures
  A hill giant (D:9)
  2 rime drakes (Lair:1)
  2 hippogriffs (D:8)
  Eustachio (D:6)
  A yak (D:9)
  A hungry ghost (D:8)
  A death yak simulacrum (IceCv)
  2 black bears (D:9)
  3 sky beasts
  2 orc warriors
  5 ice beasts
  3 phantoms
  4 ogres
  3 centaurs
  A crocodile (D:9)
  4 bullfrogs
  4 big kobolds
  5 scorpions
  4 killer bees (D:8)
  8 howler monkeys
  3 crimson imps
  5 hounds
  A quasit (D:9)
  A bullfrog zombie (D:6)
  2 orc priests
  3 jellies
  Terence (D:2)
  5 orc wizards
  6 iguanas
  A worker ant (D:9)
  A polar bear simulacrum (IceCv)
  2 wolf simulacra (IceCv)
  A hound skeleton (D:6)
  10 gnolls
  12 adders
  2 shadow imps (D:6)
  5 white imps (IceCv)
  An adder zombie (D:7)
  An adder skeleton (D:6)
  A worm (D:4)
  2 leopard geckos
  19 orcs
  A ball python (D:1)
  5 bats
  5 giant cockroaches
  11 goblins
  6 hobgoblins
  8 jackals
  26 kobolds
  3 quokkas
  A ball python skeleton (D:6)
  3 frilled lizards
  A jackal skeleton (D:5)
  A leopard gecko skeleton (D:6)
  2 leopard gecko zombies
  A quokka skeleton (D:4)
  4 rats
220 creatures vanquished.

Vanquished Creatures (others)
  An orc wizard (D:6)
1 creature vanquished.

Grand Total: 221 creatures vanquished

Notes
Turn   | Place    | Note
-------+----------+-------------------------------------------
     0 | D:1      | KristoblXynda the Draconian Skald began the quest for the Orb.
     0 | D:1      | Reached XP level 1. HP: 17/17 MP: 3/3
   167 | D:1      | Reached XP level 2. HP: 14/24 MP: 5/5
  1107 | D:2      | Noticed Terence
  1127 | D:2      | Killed Terence
  1127 | D:2      | Reached XP level 3. HP: 29/29 MP: 6/6
  1152 | D:2      | Reached skill level 3 in Axes
  1285 | D:2      | Learned a level 3 spell: Regeneration
  1480 | D:2      | Reached XP level 4. HP: 33/36 MP: 7/7
  2789 | D:3      | Found a blossoming altar of Fedhas.
  3085 | D:4      | Found Riasatt's Antique Weapon Shop.
  3102 | D:4      | Noticed a big kobold
  3156 | D:4      | Reached XP level 5. HP: 38/41 MP: 8/8
  3248 | D:4      | Reached skill level 4 in Axes
  3248 | D:4      | Reached XP level 6. HP: 6/48 MP: 9/9
  3699 | D:4      | Reached skill level 1 in Necromancy
  3737 | D:4      | Noticed a sky beast
  4111 | D:4      | Found an opulent altar of Gozag.
  4114 | D:4      | Found a sparkling altar of Nemelex Xobeh.
  4150 | D:4      | Found a glowing silver altar of Zin.
  4154 | D:4      | Found a hide-covered altar of Uskayaw.
  4391 | D:5      | Entered Level 5 of the Dungeon
  4747 | D:5      | Your scales start taking on a dull iron-grey colour.
  4747 | D:5      | Reached XP level 7. HP: 36/55 MP: 10/10
  4747 | D:5      | Gained mutation: You can survive without breathing. [Grey Draconian growth]
  5298 | D:6      | Noticed Eustachio
  5342 | D:6      | Killed Eustachio
  5342 | D:6      | Reached skill level 5 in Axes
  5472 | D:6      | Found a radiant altar of Vehumet.
  5592 | D:6      | Reached skill level 5 in Dodging
  5601 | D:6      | Reached XP level 8. HP: 17/61 MP: 11/11
  5943 | D:6      | Found a staircase to the Ecumenical Temple.
  5979 | Temple   | Entered the Ecumenical Temple
  6010 | Temple   | Became a worshipper of Cheibriados the Contemplative
  6208 | D:6      | Reached skill level 6 in Axes
  6615 | D:6      | Reached skill level 1 in Throwing
  6648 | D:6      | Found a glowing golden altar of the Shining One.
  7476 | D:7      | Learned a level 3 spell: Spectral Weapon
  7502 | D:7      | Reached * piety under Cheibriados
  7602 | D:7      | Reached skill level 5 in Necromancy
  7999 | D:7      | Found a deep blue altar of Sif Muna.
  8143 | D:7      | Reached XP level 9. HP: 50/67 MP: 12/12
  8261 | D:7      | Reached skill level 1 in Hexes
  8346 | D:7      | Reached skill level 7 in Axes
  8849 | D:8      | Learned a level 3 spell: Confuse
  8978 | D:8      | Reached ** piety under Cheibriados
  9483 | D:8      | Reached skill level 1 in Shields
  9743 | D:8      | Reached skill level 8 in Axes
 10011 | D:9      | Noticed a hill giant
 10019 | D:9      | Killed a hill giant
 10097 | D:9      | Reached XP level 10. HP: 36/73 MP: 13/13
 10454 | D:9      | Reached *** piety under Cheibriados
 10560 | D:9      | Found a staircase to the Lair.
 10839 | D:9      | Got a fine great mace
 10948 | D:9      | Reached skill level 1 in Invocations
 10955 | D:9      | Reached skill level 9 in Axes
 10991 | D:9      | Reached skill level 5 in Hexes
 11081 | Lair:1   | Entered Level 1 of the Lair of Beasts
 11120 | Lair:1   | Found a frozen archway.
 11138 | IceCv    | Entered an ice cave
 11354 | IceCv    | Reached **** piety under Cheibriados
 11376 | IceCv    | HP: 1/73 [freezing wraith (8)]
 11376 | IceCv    | Slain by a freezing wraith

Vault maps used:
D:1:      minmay_arrival_glassed_features, minmay_cut_off
D:2:      chequers_big_river, kennysheep_minor_cross, nicolae_underground_beach,
          uniq_terence
D:3:      fedhas_altar_1
D:4:      cheibrodos_thug_alley, grunt_temple_overflow_open, serial_shops, shop
D:5:      first_bread
D:6:      kennysheep_little_box, basic_altar, uniq_eustachio
D:7:      lemuel_blue_sif_altar
D:9:      grunt_lair_entry_orc_guard_hut
Temple:   nicolae_temple_elliptical
Lair:1:   beast_lair_carwin_large_3, portal_ice_cave_rime
IceCv:    ice_cave_small_necro

Skill      XL: |  1  2  3  4  5  6  7  8  9 10 |
---------------+-------------------------------+-----
Dodging        | 2 3 4 5 6 |  6.6
Charms         | 3 4 |  4.0
Axes           | 3 4 5 6 8 9 |  9.5
Necromancy     | 2 3 5 |  5.0
Throwing       | 2 3 |  3.3
Hexes          | 4 5 |  5.6
Shields        | 3 4 |  4.4
Invocations    | 3 |  3.6
Fighting       | |  2.1
Spellcasting   | |  2.0

Action                   |  1- 3 |  4- 6 |  7- 9 | 10-12 || total
-------------------------+-------+-------+-------+-------++-------
Melee: Hand axe          |    98 |   237 |   135 |       ||   470
       Tailslap          |     4 |    20 |    65 |    37 ||   126
       War axe           |       |       |   345 |   159 ||   504
Throw: Throwing net      |       |     1 |       |       ||     1
 Cast: Spectral Weapon   |       |       |       |     2 ||     2
Evoke: Wand              |       |       |     4 |       ||     4
  Use: Potion            |     3 |     3 |     6 |       ||    12
       Scroll            |       |    12 |    15 |     1 ||    28
 Stab: Held in net/web   |       |     1 |       |       ||     1
       Sleeping          |       |       |       |     1 ||     1
  Eat: Chunk             |     2 |     5 |     4 |     3 ||    14
       Meat ration       |       |     1 |       |       ||     1
       Pizza             |       |       |     2 |       ||     2
       Bread ration      |       |       |     2 |       ||     2
       Beef jerky        |       |       |     1 |       ||     1
Armor: Skin              |    34 |   102 |   277 |    73 ||   486
Dodge: Dodged            |    77 |   204 |   456 |   136 ||   873
Block: Buckler           |       |       |       |    47 ||    47
